 Dungeon Crawl Stone Soup version 0.21.1-1-g345015f (webtiles) character file.

79 prawnwizard the Chucker (level 4, -3/45 HPs)
             Began as an Ogre Hunter on July 10, 2018.
             Slain by an orc wizard
             ... wielding a +0 dagger
              (5 damage)
             ... on level 2 of the Dungeon.
             The game lasted 00:01:57 (1743 turns).

prawnwizard the Chucker (Ogre Hunter)               Turns: 1743, Time: 00:01:58

Health: -3/45      AC:  3    Str: 17    XL:     4   Next: 38%
Magic:  4/4        EV: 10    Int: 12    God:
Gold:   62         SH:  0    Dex:  9    Spells: 3/3 levels left

rFire    . . .     SeeInvis .   a - +0 short sword
rCold    . . .     Gourm    .   (no shield)
rNeg     . . .     Faith    .   b - +0 robe
rPois    .         Spirit   .   (helmet restricted)
rElec    .         Reflect  .   (no cloak)
rCorr    .         Harm     .   (gloves unavailable)
MR       .....                  (boots unavailable)
Stlth    +.........             (no amulet)
HPRegen  0.15/turn              (no ring)
MPRegen  0.09/turn              (no ring)

@: confused, lethally poisoned (-3 -> -5)
A: large, unfitting armour, tough skin 1
a: no special abilities


You were on level 2 of the Dungeon.
You were not hungry.

You visited 1 branch of the dungeon, and saw 2 of its levels.

You collected 62 gold pieces.

Inventory:

Hand Weapons
 a - a +0 short sword (weapon)
Missiles
 c - 2 large rocks (quivered)
 d - 2 throwing nets
Armour
 b - a +0 robe (worn)
Scrolls
 g - 3 scrolls of enchant armour {unknown}
 h - 2 scrolls of remove curse {unknown}
 j - a scroll of enchant weapon {unknown}
Potions
 e - a potion of invisibility {unknown}
 i - a potion of agility {unknown}
 k - a potion of curing {unknown}
Comestibles
 f - 5 rations
 l - 3 chunks of flesh


   Skills:
 + Level 3.0 Fighting
 + Level 1.3 Short Blades
 + Level 4.9 Throwing
 + Level 2.3 Dodging
 - Level 0.6 Stealth


You had 3 spell levels left.
You didn't know any spells.

Dungeon Overview and Level Annotations

Branches:
Dungeon (2/15)

Altars:


Innate Abilities, Weirdness & Mutations

You are too large for most types of armour.
You have tough skin. (AC +1)


Message History

You kill the orc!
The orc barely misses you. Something hits you but does no damage.
The adder bites you.
You are poisoned.
The adder poisons you! The orc hits you with a short sword.
* * * LOW HITPOINT WARNING * * *
You hear some strange, mumbled words.
A puff of flame appears from out of thin air!
The puff of flame misses you. The adder barely misses you.
Throwing (i - inventory. (,) - cycle):
c - 3 large rocks (quivered)
Press: ? - help, Shift-Dir - straight line, f/p - orc priest
Aim: an orc priest You throw a large rock.
You feel sick. The orc priest hits you.
* * * LOW HITPOINT WARNING * * *
The adder barely misses you. The orc hits you with a short sword.
* * * LOW HITPOINT WARNING * * *
Something hits you but does no damage. The orc priest hits you.
* * * LOW HITPOINT WARNING * * *
The adder barely misses you. The orc closely misses you. Something hits you.
You die...

##.....##
#.......#
#.#...#.#
#.......# #
#.......# #
..#.......#
#####
#.#.#oS.#.#
....#
#.#.(@....#..
##..#
#.(...o......
##..#
##.##...##...
#...#
#...#.## .
#.#.#
#.##...#.#
....#
#........#
#.###
#####.####
#.# #.# #.##
##.#


You could see an orc priest, an adder and an orc.

Vanquished Creatures
  Jessica (D:2)
  An adder (D:2)
  An ooze (D:2)
  2 dart slugs (D:1)
  2 orcs (D:2)
  A ball python (D:2)
  4 giant cockroaches
  4 goblins (D:1)
  4 hobgoblins
  A quokka (D:2)
  4 bats (D:1)
  2 frilled lizards
  3 kobolds (D:1)
  5 rats
35 creatures vanquished.

Notes
Turn   | Place    | Note
-------+----------+-------------------------------------------
     0 | D:1      | prawnwizard the Ogre Hunter began the quest for the Orb.
     0 | D:1      | Reached XP level 1. HP: 22/22 MP: 1/1
   490 | D:1      | Reached XP level 2. HP: 25/29 MP: 2/2
  1020 | D:1      | Reached XP level 3. HP: 36/36 MP: 3/3
  1666 | D:2      | Noticed Jessica
  1672 | D:2      | Reached skill level 1 in Short Blades
  1681 | D:2      | Killed Jessica
  1681 | D:2      | Reached XP level 4. HP: 32/45 MP: 4/4
  1743 | D:2      | HP: 2/45 [orc priest (4)]
  1743 | D:2      | Slain by an orc wizard

Skill      XL: |  1  2  3 |
---------------+----------+-----
Dodging        | 2 |  2.3
Short Blades   | 1 |  1.3
Fighting       | 3 |  3.0
Throwing       | |  4.9
Stealth        | |  0.6

Action                   |  1- 3 |  4- 6 || total
-------------------------+-------+-------++-------
Melee: Short sword       |   132 |     4 ||   136
Throw: Large rock        |     2 |     3 ||     5
 Stab: Sleeping          |     1 |       ||     1
  Eat: Chunk             |     3 |       ||     3
Armor: Robe              |    42 |     3 ||    45
Dodge: Dodged            |    83 |    14 ||    97
